 Dungeon Crawl Stone Soup version 0.21-a0-113-g6841d05 (webtiles) character file.

368 Lianjan the Chucker (level 6, -1/62 HPs)
             Began as an Ogre Arcane Marksman on July 12, 2017.
             Slain by an adder (4 damage)
             ... on level 2 of the Dungeon.
             The game lasted 00:14:38 (5915 turns).

Lianjan the Chucker (Ogre Arcane Marksman)          Turns: 5915, Time: 00:14:38

Health: -1/62      AC:  4    Str: 15    XL:     6   Next: 69%
Magic:  3/11       EV: 10    Int: 16    God:
Gold:   74         SH:  0    Dex:  9    Spells: 5/11 levels left

rFire    . . .     SeeInvis .   k - +0 club
rCold    . . .     Gourm    .   (no shield)
rNeg     . . .     Faith    .   e - +1 animal skin
rPois    .         Spirit   .   (helmet restricted)
rElec    .         Reflect  .   (no cloak)
rCorr    .         Harm     .   (gloves unavailable)
MR       .....                  (boots unavailable)
Stlth    +.........             (no amulet)
HPRegen  0.20/turn              (no ring)
MPRegen  0.12/turn              (no ring)

@: lethally poisoned (-1 -> -4), very slightly contaminated
A: unfitting armour, tough skin 1
a: no special abilities


You were on level 2 of the Dungeon.
You were near starving.

You visited 1 branch of the dungeon, and saw 3 of its levels.

You collected 74 gold pieces.

Inventory:

Hand Weapons
 h - a +2 dagger of holy wrath
 k - a +0 club (weapon)
Missiles
 j - 2 stones (quivered)
 q - 2 large rocks
 r - a throwing net
Armour
 a - a +0 robe
 e - a +1 animal skin (worn)
Scrolls
 l - a scroll of blinking {unknown}
 m - 4 scrolls of identify {unknown}
 n - a scroll of teleportation
 p - 2 scrolls of fear {unknown}
Potions
 g - a potion of cancellation {unknown}
 o - a potion of curing {unknown}
Books
 b - a book of Debilitation

   Spells                             Type                      Level
   a - Corona                         Hexes                        1
   b - Slow                           Hexes                        2
   c - Inner Flame                    Hexes/Fire                   3
   d - Portal Projectile              Hexes/Translocation          3
   e - Cause Fear                     Hexes                        4
   f - Leda's Liquefaction            Hexes/Earth                  4
Comestibles
 d - a royal jelly
 f - 3 bread rations
 i - 4 fruits


   Skills:
 + Level 3.9 Fighting
 * Level 5.2 Throwing
 - Level 1.7 Dodging
 + Level 3.4 Spellcasting
 + Level 3.0 Hexes


You had 5 spell levels left.
You knew the following spells:

 Your Spells              Type           Power        Failure   Level  Hunger
a - Corona                Hex            ##.....      4%          1    None
b - Slow                  Hex            ##......     8%          2    ##.....
c - Inner Flame           Hex/Fire       #.......     28%         3    ###....


Dungeon Overview and Level Annotations

Branches:
Dungeon (3/15)

Altars:
Gozag
Kikubaaqudgha
Nemelex Xobeh
Okawaru
Trog
Yredelemnul


Innate Abilities, Weirdness & Mutations

You are too large for most types of armour.
You have tough skin. (AC +1)


Message History

You barely miss the adder.
The adder is moderately wounded.
You feel sick.
The adder stops glowing.
The adder closely misses you. The adder completely misses you.
You barely miss the adder.
The adder is moderately wounded.
The adder bites you.
* * * LOW HITPOINT WARNING * * *
You are more poisoned.
The adder poisons you!
You hit the adder.
The adder is heavily wounded.
You feel sick. The adder closely misses you. The adder bites you.
* * * LOW HITPOINT WARNING * * *
As you read the scroll labeled NINWIU WAFENES, it crumbles to dust.
It is a scroll of enchant armour.
Your +0 animal skin glows green for a moment.
* * * LOW HITPOINT WARNING * * *
You feel sick. The adder bites you.
You die...

#...........#
#...........#
#...........#
#...........#
######...........#
#............[....
#..............#.#
#............#.#.#
#@S.).............
#.....############
######............
#####...############
###.[..)...###
##........#...#
#######
#......####...#
#...... ##...####
#...###...... #...##
#............


You could see an adder.

Vanquished Creatures
  Sigmund (D:2)
  A bullfrog skeleton (D:3)
  Robin (D:2)
  3 gnolls (D:2)
  5 adders
  An ooze (D:2)
  3 worms (D:2)
  2 dart slugs (D:1)
  3 leopard geckos
  3 orcs (D:3)
  8 bats
  4 giant cockroaches
  15 goblins
  9 hobgoblins
  2 jackals (D:2)
  9 kobolds (D:1)
  A ball python (D:1)
  6 frilled lizards
  3 rats
80 creatures vanquished.

Notes
Turn   | Place    | Note
-------+----------+-------------------------------------------
     0 | D:1      | Lianjan the Ogre Arcane Marksman began the quest for the Orb.
     0 | D:1      | Reached XP level 1. HP: 19/19 MP: 2/2
   799 | D:1      | Reached XP level 2. HP: 27/27 MP: 0/3
   805 | D:1      | Learned a level 2 spell: Slow
   891 | D:1      | Reached skill level 3 in Throwing
  1462 | D:1      | Reached XP level 3. HP: 27/33 MP: 2/4
  2469 | D:2      | Noticed Sigmund
  2476 | D:2      | Killed Sigmund
  2476 | D:2      | Reached skill level 4 in Throwing
  2476 | D:2      | Reached XP level 4. HP: 11/45 MP: 4/8
  2476 | D:2      | Reached XP level 5. HP: 13/53 MP: 4/9
  2483 | D:2      | Found an iron altar of Okawaru.
  2484 | D:2      | Found a basalt altar of Yredelemnul.
  3234 | D:2      | Reached XP level 6. HP: 61/61 MP: 7/10
  3334 | D:2      | Learned a level 3 spell: Inner Flame
  3771 | D:2      | Reached skill level 5 in Throwing
  4247 | D:2      | Noticed Robin
  4259 | D:2      | Killed Robin
  4929 | D:2      | Found an ancient bone altar of Kikubaaqudgha.
  4969 | D:2      | Found an opulent altar of Gozag.
  4970 | D:2      | Found a sparkling altar of Nemelex Xobeh.
  5267 | D:3      | Found a bloodstained altar of Trog.
  5915 | D:2      | HP: 3/62 [poisoned by an adder]
  5915 | D:2      | Slain by an adder

Vault maps used:
D:1:      minmay_arrival_split_and_join
D:2:      grunt_temple_overflow_opulence, minitemple, first_bread,
          serial_curves, eino_curves_03, eino_curves_04, uniq_sigmund,
          uniq_robin
D:3:      gammafunk_temple_overflow_elements, trog_three_pillars_becter

Skill      XL: |  1  2  3  4  5  6 |
---------------+-------------------+-----
Throwing       | 3 4 5 |  5.2
Fighting       | 3 |  3.9
Spellcasting   | 2 3 |  3.4
Hexes          | 3 |  3.0
Dodging        | |  1.7

Action                   |  1- 3 |  4- 6 || total
-------------------------+-------+-------++-------
Melee: Dagger            |    58 |       ||    58
       Unarmed           |     4 |       ||     4
       Club              |    13 |   156 ||   169
Throw: Stone             |    91 |   116 ||   207
       Large rock        |    10 |    13 ||    23
       Throwing net      |     1 |     6 ||     7
 Cast: Corona            |    38 |    37 ||    75
       Slow              |     1 |     8 ||     9
  Use: Scroll            |       |     2 ||     2
       Potion            |       |     2 ||     2
 Stab: Sleeping          |       |     1 ||     1
  Eat: Chunk             |     6 |    10 ||    16
Armor: Robe              |    37 |    20 ||    57
       Animal skin       |       |    21 ||    21
Dodge: Dodged            |    61 |   112 ||   173
